 Dungeon Crawl Stone Soup version 0.27.0-1-g7a089689b8 (console) character file.

Game seed: 12179197005339075952

83 jejorda2 the Skirmisher (level 4, -1/48 HPs)
             Began as an Ogre Abyssal Knight on July 31, 2021.
             Was a Believer of Lugonu.
             Slain by a goblin (4 damage)
             ... led by Robin
             ... on level 2 of the Dungeon on Aug 1, 2021.
             The game lasted 00:04:36 (2471 turns).

jejorda2 the Skirmisher (Ogre Abyssal Knight)       Turns: 2471, Time: 00:04:37

Health: -1/48      AC:  3    Str: 17    XL:     4   Next: 44%
Magic:  6/6        EV:  9    Int: 13    God:    Lugonu [**....]
Gold:   32         SH:  0    Dex:  8    Spells: 3/3 levels left

rFire    . . .     SeeInvis .   a - +1 hand axe
rCold    . . .     Faith    .   (no shield)
rNeg     . . .     Spirit   .   b - +0 robe
rPois    .         Reflect  .   (helmet restricted)
rElec    .         Harm     .   (no cloak)
rCorr    .         Rampage  .   (gloves unavailable)
Will     .....                  (boots unavailable)
Stlth    +.........             (no amulet)
HPRegen  0.16/turn              (no ring)
MPRegen  0.10/turn              (no ring)

@: no status effects
A: large, unfitting armour, tough skin 1
a: Renounce Religion, Depart the Abyss, Bend Space


You were on level 2 of the Dungeon.
You worshipped Lugonu.
Lugonu was pleased with you.
You visited 1 branch of the dungeon, and saw 2 of its levels.
You visited the Abyss 1 time.

You collected 32 gold pieces.

Inventory:

Hand Weapons
 a - a +1 hand axe (weapon)
Missiles
 c - 91 stones
 e - 11 poisoned darts (quivered)
Armour
 b - a +0 robe (worn)
Scrolls
 f - 3 scrolls of torment {unknown}
 g - a scroll of teleportation {unknown}
 i - 5 scrolls of identify {unknown}
Potions
 d - a potion of attraction {unknown}
 h - a potion of curing {unknown}
 j - a potion of degeneration {unknown}


   Skills:
 - Level 4.0 Fighting
 * Level 3.9 Axes
 - Level 2.1 Dodging
 + Level 3.1 Invocations


You had 3 spell levels left.
You didn't know any spells.
Your spell library was empty.

Dungeon Overview and Level Annotations

Branches:
Dungeon (2/15)

Altars:

Shops:
D:1 [?

Annotations:
D:2 Robin


Innate Abilities, Weirdness & Mutations

You are too large for most types of armour.
You have tough skin. (AC +1)


Message History

You hit the hobgoblin but do no damage. The kobold hits you but does no damage.
Robin roars a battlecry!
The goblin goes into a battle-frenzy!
The hobgoblin barely misses you. The goblin hits you but does no damage.
The goblin hits you with a +0 club.
You hear an angry hiss.
The kobold barely misses you. Robin throws the goblin at you!
The hobgoblin closely misses you. The goblin hits you with a +0 club.
You hit the goblin.
You kill the goblin!
Lugonu accepts your kill.
You hit the hobgoblin but do no damage. You miss the kobold.
You hit the goblin. You barely miss the goblin.
A goblin comes into view. It is wielding a +0 club.
The kobold hits you with a +0 whip.
The goblin shoots a stone.
The stone closely misses you.
The stone hits the goblin.
The goblin dies!
The goblin hits you with a +0 club.
Okay, then.
The hobgoblin hits you. The goblin hits you with a +0 club.
The kobold hits you with a +0 whip.
Items here: ) †.
The goblin shoots a stone.
The stone barely misses you.
Robin roars a battlecry!
You hear an angry hiss.
You barely miss the hobgoblin.
The goblin no longer looks unusually strong.
Robin roars a battlecry!
The goblin goes into a battle-frenzy!
The hobgoblin hits you.
* * * LOW HITPOINT WARNING * * *
Robin throws the goblin at you! The hobgoblin hits you.
* * * LOW HITPOINT WARNING * * *
Space bends around you!
You blink.
The goblin no longer looks unusually strong.
Unknown command.
You miss the goblin. The goblin hits you with a +0 dagger.
* * * LOW HITPOINT WARNING * * *
You barely miss the goblin. The goblin hits you with a +0 dagger.
You die...

............[..'.
#......g.......#.
#.###.#.#.###..# # #
#.#g#.# #..# # #.#.#.#
#..# # # #.#g#.# #..#
... ..#.#.# #..# #
....# #g#.# #..###.###
#####.#.#.# #..g@....#
#
#.....#.####g###.#....
# #.......g......# #
#.##############


You could see a hobgoblin and 2 goblins.

Vanquished Creatures
  3 adders (D:2)
  A worm (D:2)
  3 bats (D:1)
  2 endoplasms
  A giant cockroach (D:1)
  5 goblins (D:2)
  4 hobgoblins
  12 jackals
  A quokka (D:1)
  5 ball pythons (D:1)
  4 frilled lizards (D:1)
  5 kobolds
  3 rats (D:1)
49 creatures vanquished.

Vanquished Creatures (others)
  A goblin (D:2)
1 creature vanquished.

Grand Total: 50 creatures vanquished

Notes
Turn   | Place    | Note
-------+----------+-------------------------------------------
     0 | Abyss:1  | jejorda2 the Ogre Abyssal Knight began the quest for the
                  | Orb.
     0 | Abyss:1  | Reached XP level 1. HP: 24/24 MP: 2/2
    13 | Abyss:1  | Found a corrupted altar of Lugonu.
    58 | D:1      | Escaped the Abyss
   138 | D:1      | Reached XP level 2. HP: 23/32 MP: 3/3
   879 | D:1      | Found Mibie's Antique Armour Shoppe.
  1003 | D:1      | Reached ** piety under Lugonu
  1004 | D:1      | Reached XP level 3. HP: 37/39 MP: 4/4
  1051 | D:1      | Found a faded altar of an unknown god.
  1182 | D:1      | Found Befo's Magic Scroll Boutique.
  1840 | D:2      | Reached XP level 4. HP: 28/48 MP: 6/6
  2439 | D:2      | Noticed Robin
  2471 | D:2      | Slain by a goblin

Illustrated notes

Levels and vault maps discovered:
D:1:      minmay_arrival_stair_chambers, layout_basic, serial_shops,
          nicolae_shop_waterfront, nicolae_shop_statue_plus,
          hellmonk_ecumenical_altar_lost_god, chequers_serial_rivers_micro_b
D:2:      layout_basic, uniq_robin

Skill      XL: |  1  2  3 |
---------------+----------+-----
Axes           | 3 |  3.9
Invocations    | 3 |  3.1
Fighting       | |  4.0
Dodging        | |  2.1

Action                   |  1- 3 |  4- 6 || total
-------------------------+-------+-------++-------
Melee: Hand axe          |   151 |    34 ||   185
Throw: Dart              |       |     2 ||     2
Invok: Bend Space        |       |     1 ||     1
Armor: Robe              |    53 |    13 ||    66
Dodge: Dodged            |    78 |    20 ||    98
